 Dungeon Crawl Stone Soup version 0.18-a0-382-gd7addec (webtiles) character file.

8300 Proton the Blocker (level 11, -1/89 HPs)
             Began as a Formicid Fighter on Dec 1, 2015.
             Was an Initiate of Ru.
             Slain by Sonja
             ... wielding a +0 short sword of distortion
              (16 damage)
             ... on level 10 of the Dungeon.
             The game lasted 00:22:38 (11351 turns).

Proton the Blocker (Formicid Fighter)              Turns: 11351, Time: 00:22:38

Health: -1/89      AC: 17    Str: 25    XL:     11   Next: 53%
Magic:  11/11      EV: 13    Int:  7    God:    Ru [......]
Gold:   823        SH: 12    Dex: 10    Spells: 0 memorised, 10 levels left

rFire  . . .     SeeInvis +     P - +0 battleaxe
rCold  . . .     Clarity  .     E - +1 chain mail {MR+}
rNeg   . . .     SustAt   .     c - +0 shield
rPois  .         Gourm    .     (helmet unavailable)
rElec  .         Spirit   .     s - +0 cloak
rCorr  .         Warding  .     F - +0 pair of gloves
rMut   .         Stasis   +     (no boots)
MR     ++...                    (no amulet)
Stlth  ..........               N - +2 ring of evasion
                                v - +5 ring of slaying

@: lethally poisoned (-1 -> -13), very resistant to hostile enchantments,
extremely unstealthy
A: permanent stasis, dig shafts and tunnels, four strong arms, antennae 3,
yellow scales 1, dopey 1, strong 1
a: Dig, Shaft Self, Renounce Religion


You were on level 10 of the Dungeon.
You worshipped Ru.
Ru was noncommittal.
You were not hungry.

You visited 3 branches of the dungeon, and saw 13 of its levels.

You collected 823 gold pieces.

Inventory:

Hand Weapons
 P - a +0 battleaxe (weapon)
Missiles
 a - 6 javelins (quivered)
Armour
 c - a +0 shield (worn)
 s - a +0 cloak (worn)
 E - a +1 chain mail of magic resistance (worn)
 F - a +0 pair of gloves (worn)
Jewellery
 q - an uncursed ring of ice
 v - a +5 ring of slaying (left hand)
 N - a +2 ring of evasion (right hand)
Wands
 b - a wand of flame (24)
 r - a wand of confusion (9)
 A - a wand of frost (25)
 D - a wand of draining (3)
 J - a wand of magic darts (20)
 M - a wand of teleportation (5)
Scrolls
 e - 3 scrolls of blinking {unknown}
 f - 3 scrolls of teleportation {unknown}
 h - 5 scrolls of remove curse
 k - a scroll of recharging {unknown}
 l - 2 scrolls of random uselessness {unknown}
 n - a scroll of magic mapping {unknown}
 o - a scroll of noise {unknown}
 p - 2 scrolls of immolation {unknown}
 t - a scroll of amnesia {unknown}
 w - a scroll of enchant weapon {unknown}
 y - 2 scrolls of fog {unknown}
 I - a scroll of torment {unknown}
 K - 2 scrolls of enchant armour {unknown}
 L - 2 scrolls of fear
 O - a scroll of holy word
Potions
 d - 2 potions of might
 i - 2 potions of lignification
 m - 2 potions of brilliance
 u - a potion of haste {unknown}
 z - a potion of magic {unknown}
 B - 2 potions of heal wounds
 C - a potion of flight
 G - a potion of cure mutation
 H - 2 potions of curing
 Q - a potion of agility {unknown}
Comestibles
 g - 4 meat rations
 j - 8 fruits
 x - 10 royal jellies


   Skills:
 + Level 9.3 Fighting
 + Level 7.9 Axes
 + Level 9.1 Armour
 + Level 7.0 Dodging
 + Level 9.7 Shields


You had 10 spell levels left.
You didn't know any spells.

Dungeon Overview and Level Annotations

Branches:
Dungeon (11/15)            Temple (1/1) D:7            Lair (1/8) D:9
    Orc (0/4) D:9

Altars:
Ashenzari
Cheibriados
Dithmenos
Elyvilon
Fedhas
Gozag
Kikubaaqudgha
Nemelex Xobeh
Okawaru
Qazlal
Ru
Xom

Shops:
D:8 %

Annotations:
D:10 Sonja


Innate Abilities, Weirdness & Mutations

You are under a permanent stasis effect.
You can dig through walls and to a lower floor.
Your four strong arms can wield two-handed weapons with a shield.
You have a pair of large antennae on your head (SInv).
You are dopey. (Int -2)
You are partially covered in yellow scales (AC +2).
Your muscles are strong. (Str +2)


Message History

You hit the sky beast.
The sky beast is severely wounded.
You feel very sick.
Sonja shoots a curare-tipped needle.
You block the curare-tipped needle. The sky beast closely misses you.
You slice the sky beast!!
You kill the sky beast!
You feel sick.
You completely miss Sonja.
You feel sick.
Sonja unwields an uncursed blowgun.
Sonja wields an uncursed short sword of distortion.
Its appearance distorts for a moment.
Sonja hits you but does no damage. Space warps horribly around you!
Sonja hits you but does no damage. Space bends around you.
Sonja hits you but does no damage.
You feel a strange sense of stasis. Sonja hits you but does no damage.
Sonja closely misses you. Sonja hits you but does no damage.
Space warps horribly around you!
* * * LOW HITPOINT WARNING * * *
You feel sick. You block Sonja's attack. Sonja hits you but does no damage.
Space warps horribly around you!
You die...

##§§.###. ...
#.#####§#§#§#.. .....
...##..§.§§§§.# . ..
......#§#§#§#..
#.#.###...#####.§.###.
.#.......# ##§#§##.
........# #..###.
#.#K≈...# #.## ##
#.#@(#..# ##.# #
#.(..(..## ##..###..
###......###.......#
##...#....[..######
#..#.##.....##
#..#......###
##..###......#######
#.......#..........#
######.##.####...#.......


You could see Sonja.

Vanquished Creatures
  Pikel (D:6)
  Maurice (D:10)
  2 trolls
  Grinder (D:5)
  A wraith (D:9)
  6 yaks
  Sigmund (D:3)
  3 hippogriffs
  The ghost of feamirim the Insei, an amateur DsFi (D:4)
  3 wolves (D:9)
  A soldier ant (D:9)
  A water moccasin (D:9)
  4 ice beasts
  A wasp (D:9)
  2 sky beasts (D:10)
  A black bear (D:7)
  3 orc warriors
  A phantom (D:6)
  2 centaurs
  4 ogres
  2 crocodiles
  A big kobold (D:5)
  Blork the orc (D:6)
  A wyvern zombie (D:9)
  3 giant frogs
  A gnoll sergeant (D:9)
  3 scorpions
  5 killer bees (D:3)
  8 wights
  A jelly (D:9)
  3 crimson imps
  2 electric eels (D:9)
  2 giant frog zombies
  7 orc priests
  A wasp zombie (D:9)
  A centaur skeleton (D:4)
  3 iguanas
  5 worker ants
  7 hounds
  A quasit (D:9)
  7 orc wizards
  2 hound zombies
  A mummy (D:5)
  A hound skeleton (D:5)
  A worker ant zombie (D:5)
  5 gnolls (D:9)
  13 adders
  3 shadow imps
  2 oozes
  3 adder skeletons
  An adder zombie (D:9)
  4 worms
  7 giant geckos
  56 orcs
  5 ball pythons
  6 bats
  2 giant cockroaches
  8 hobgoblins
  8 jackals
  25 kobolds
  6 quokkas
  10 giant newts
  12 goblins
  A jackal skeleton (D:8)
  A quokka skeleton (D:4)
  A quokka zombie (D:5)
  2 rats
  A plant (D:5)
292 creatures vanquished.

Vanquished Creatures (others)
  A slave (D:6)
  A centaur (D:6)
  An orc wizard (D:10)
  2 worker ants (D:6)
  4 jackals (D:6)
  A quokka (D:6)
  2 plants (D:5)
12 creatures vanquished.

Grand Total: 304 creatures vanquished

Notes
Turn   | Place    | Note
--------------------------------------------------------------
     0 | D:1      | Proton the Formicid Fighter began the quest for the Orb.
     0 | D:1      | Reached XP level 1. HP: 18/18 MP: 1/1
    70 | D:1      | Found a sparkling altar of Nemelex Xobeh.
   625 | D:1      | Reached XP level 2. HP: 20/24 MP: 2/2
   892 | D:2      | Reached XP level 3. HP: 16/29 MP: 3/3
   934 | D:2      | Reached skill level 4 in Shields
  1295 | D:2      | Reached XP level 4. HP: 31/35 MP: 4/4
  1354 | D:2      | Reached skill level 1 in Dodging
  1744 | D:3      | Noticed Sigmund
  1944 | D:3      | Killed Sigmund
  1944 | D:3      | Reached XP level 5. HP: 35/42 MP: 5/5
  1944 | D:3      | Reached XP level 6. HP: 40/48 MP: 6/6
  2404 | D:4      | Reached skill level 5 in Shields
  2517 | D:4      | Reached XP level 7. HP: 55/55 MP: 7/7
  2626 | D:4      | Noticed an air elemental
  2630 | D:4      | Found a stormy altar of Qazlal.
  2673 | D:4      | Noticed a fire elemental
  2673 | D:4      | Noticed a water elemental
  2708 | D:4      | Noticed feamirim's ghost (amateur DsFi)
  2752 | D:5      | Entered Level 5 of the Dungeon
  2752 | D:5      | Noticed Grinder
  2782 | D:5      | Killed Grinder
  2782 | D:5      | Reached skill level 5 in Fighting
  2782 | D:5      | Reached skill level 5 in Armour
  3179 | D:5      | Reached XP level 8. HP: 15/62 MP: 8/8
  3595 | D:3      | Reached skill level 6 in Shields
  4122 | D:3      | You fall through a shaft for 3 floors!
  4162 | D:6      | HP: 3/63 [poisoned by a killer bee]
  4695 | D:6      | Noticed Pikel
  4711 | D:6      | Killed Pikel
  4711 | D:6      | Reached skill level 5 in Axes
  4711 | D:6      | Reached XP level 9. HP: 51/69 MP: 9/9
  4847 | D:6      | Reached skill level 7 in Shields
  5197 | D:5      | Got a fine leather armour
  5208 | D:5      | Identified the cursed +1 leather armour of Yred {MR+ rCorr} (You found it on level 5 of the Dungeon)
  5411 | D:4      | Killed feamirim's ghost
  5471 | D:4      | Found a shimmering altar of Xom.
  5472 | D:4      | Found a shimmering altar of Xom.
  5478 | D:4      | Found a shimmering altar of Xom.
  5479 | D:4      | Found a shimmering altar of Xom.
  5479 | D:4      | Found a shimmering altar of Xom.
  5479 | D:4      | Found a shimmering altar of Xom.
  5527 | D:4      | Found a blossoming altar of Fedhas.
  5546 | D:4      | Found an ancient bone altar of Kikubaaqudgha.
  6406 | D:5      | Found a snail-covered altar of Cheibriados.
  7308 | D:6      | Found a shattered altar of Ashenzari.
  7312 | D:6      | Found an opulent altar of Gozag.
  7315 | D:6      | Found an iron altar of Okawaru.
  7340 | D:6      | Noticed Blork the orc
  7349 | D:6      | Killed Blork the orc
  7398 | D:6      | Reached skill level 5 in Dodging
  7480 | D:6      | Reached XP level 10. HP: 62/79 MP: 10/10
  7888 | D:7      | Found a sacrificial altar of Ru.
  7897 | D:7      | Became a worshipper of Ru the Awakened
  7966 | D:7      | Reached skill level 8 in Shields
  8175 | D:7      | Found a staircase to the Ecumenical Temple.
  8191 | Temple   | Entered the Ecumenical Temple
  8468 | D:8      | Found Ucziv's Food Shoppe.
  8929 | D:8      | Got an ancient scale mail
  8943 | D:8      | Identified the cursed +1 scale mail of the Duke {Int+4} (You found it on level 8 of the Dungeon)
  9137 | D:9      | Gained mutation: You are dopey. (Int -2) [Ru sacrifice]
  9561 | D:9      | Found a staircase to the Lair.
  9901 | D:9      | Reached skill level 9 in Shields
  9901 | D:9      | Reached XP level 11. HP: 84/87 MP: 11/11
  9940 | D:9      | Found a white marble altar of Elyvilon.
  9940 | D:9      | Found a sparkling altar of Nemelex Xobeh.
 10065 | D:9      | Found a staircase to the Orcish Mines.
 10345 | D:9      | Gained mutation: Your muscles are strong. (Str +2) [potion of beneficial mutation]
 10346 | D:9      | Gained mutation: You are partially covered in yellow scales (AC +2). [potion of beneficial mutation]
 10387 | Lair:1   | Entered Level 1 of the Lair of Beasts
 10408 | D:10     | Entered Level 10 of the Dungeon
 10446 | D:10     | Found a shadowy altar of Dithmenos.
 10447 | D:10     | Noticed Maurice
 10463 | D:10     | Killed Maurice
 11035 | D:10     | Noticed Sonja
 11351 | D:10     | Slain by Sonja

Vault maps used:
D:1:      minmay_arrival_statue_studded, minmay_gold_behind_fungi,
          minmay_liquid_box, nemelex_diamond_rough_becter
D:3:      first_bread, guppyfry_early_orc_mine, uniq_sigmund
D:4:      xom_redecorated, kennysheep_mini, kennysheep_little_box,
          nicolae_qazlal_style_of_elements, serial_bayou_ford_a
D:5:      kennysheep_kobold_camp, slow_altar_1, uniq_grinder
D:6:      nicolae_overflow_hidden_temple, grunt_ministairs_7,
          serial_park_tiny_pond, uniq_blork_the_orc, uniq_pikel
D:7:      nicolae_ru_great_annihilating_truth, minmay_temple_entry_hall
D:8:      serial_shops, kennysheep_mini_moat
D:9:      gammafunk_temple_overflow_pools, erik_lair_island, hiddenorc1_lemuel,
          hangedman_pestilent_swarm, minmay_misc_feat_diagonals, st_stairs_4,
          kennysheep_generic_room_11
D:10:     grunt_dithmenos_smoke_and_mirrors, uniq_maurice, uniq_sonja
Temple:   nicolae_temple_figure_zero
Lair:1:   minmay_lair_oklob_items, infiniplex_staircase_pool_2

Action                   |  1- 3 |  4- 6 |  7- 9 | 10-12 || total
-------------------------+-------+-------+-------+-------++-------
Melee: War axe           |    83 |    72 |   348 |    58 ||   561
       Battleaxe         |       |       |       |   296 ||   296
Invok: Sacrifice Purity  |       |       |       |     1 ||     1
 Abil: Shaft Self        |       |       |     1 |       ||     1
       Dig               |       |       |     1 |       ||     1
Evoke: Wand              |       |       |       |     7 ||     7
  Use: Scroll            |       |       |     1 |    11 ||    12
       Potion            |       |       |       |     2 ||     2
 Stab: Paralysed         |       |       |       |     1 ||     1
  Eat: Bread ration      |     1 |       |     2 |     2 ||     5
       Meat ration       |       |     1 |     1 |       ||     2
       Royal jelly       |       |       |     1 |       ||     1
       Beef jerky        |       |       |       |     3 ||     3
